 Dungeon Crawl Stone Soup version 0.31.0-1-g2c135a0 (webtiles) character file.

Game seed: 965018322248590989

425 Think the Ducker (level 6, 0/42 HPs)
             Began as an Octopode Fighter on Feb 23, 2024.
             Slain by a wyvern (16 damage)
             ... on level 6 of the Dungeon.
             The game lasted 00:11:02 (4402 turns).

Think the Ducker (Octopode Fighter)                 Turns: 4402, Time: 00:11:03

Health: 0/42       AC:  8    Str: 19    XL:     6   Next: 96%
Magic:  5/6        EV: 15    Int: 16    God:
Gold:   235        SH: 10    Dex: 12    Spells: 4/5 levels left

rFire   . . .        n - +2 dagger (protect)
rCold   x . .        b - +1 buckler
rNeg    . . .        (helmet restricted)
rPois   .            f - amulet of reflection
rElec   .            g - +6 ring of intelligence
rCorr   .            u - ring of see invisible
SInv    +            (no ring)
Will    .....        (no ring)
Stlth   ++           (no ring)
HPRegen 0.27/turn    (no ring)
MPRegen 0.10/turn    (no ring)
                     (no ring)

%: reflection
@: under a protective aura
A: almost no armour, amphibious, 8 rings, camouflage 1, gelatinous body 1,
(nimble swimmer 1), tentacles, strong 1, cold vulnerability 1
a: no special abilities


You were on level 6 of the Dungeon.
You visited 1 branch of the dungeon, and saw 6 of its levels.

You collected 235 gold pieces.

Inventory:

Hand Weapons
 a - a +0 long sword
 n - a +2 dagger of protection (weapon)
Armour
 b - a +1 buckler (worn)
Jewellery
 d - an amulet of the acrobat
 f - an amulet of reflection (around mantle)
 g - a +6 ring of intelligence (left tentacle)
 u - a ring of see invisible (right tentacle)
Scrolls
 h - 3 scrolls of amnesia
 l - a scroll of enchant armour
 q - 2 scrolls of teleportation
 w - a scroll of vulnerability
 x - a scroll of revelation
Potions
 c - 3 potions of might
 e - 2 potions of enlightenment
 i - a potion of mutation


   Skills:
 - Level 3.0 Fighting
 - Level 2.0 Long Blades
 + Level 7.2 Dodging
 - Level 3.0 Shields
 - Level 2.0 Conjurations


You had 4 spell levels left.
You knew the following spells:

 Your Spells              Type           Power      Damage    Failure   Level
a - Sting                 Conj/Alch      12%        1d3       22%         1

Your spell library contained the following spells:

 Spells                   Type           Power      Damage    Failure   Level
 Apportation              Tloc           0%         N/A       32%         1
 Necrotise                Necr           0%         1d4       32%         1
 Summon Small Mammal      Summ           0%         N/A       32%         1
 Fugue of the Fallen      Necr           0%         N/A       67%         3
 Ozocubu's Armour         Ice            0%         N/A       67%         3
 Manifold Assault         Tloc           0%         N/A       97%         4


Dungeon Overview and Level Annotations

Branches:
Dungeon (6/15)
 Temple: D:4-7

Altars:
Okawaru
Qazlal

Annotations:
D:5 Ijyb, Robin


Innate Abilities, Weirdness & Mutations

You cannot wear most types of armour.
You are amphibious.
You can wear up to eight rings at the same time.
Your skin changes colour to match your surroundings (Stealth+).
Your rubbery body absorbs attacks. (AC +1, EV +1)
((You are camouflaged when in or above water. (Stealth+)))
You have tentacles for arms and can constrict up to eight enemies at once.
Your muscles are strong. (Str +4, Int/Dex -1)
You are vulnerable to cold. (rC-)


Message History

A wyvern is nearby!
A wyvern is nearby!
A wyvern is nearby!
You aren't carrying any items that you can evoke.
Unknown command.
Throw: throwing net
Press: ? - help, Shift-Dir - straight line, f - wyvern
Aim: a wyvern (54% to hit)
You throw a throwing net.
The throwing net closely misses the wyvern.
Throw: javelin
Press: ? - help, Shift-Dir - straight line, f/p - wyvern
Aim: a wyvern (54% to hit)
You throw a javelin.
The javelin hits the wyvern and shatters for extra damage.
The wyvern is moderately wounded.
You block the wyvern's attack. x2
Casting: Sting (safe; 22% risk of failure)
Confirm with . or Enter, or press ? or * to list all spells.
Aiming: Sting (safe; 22% risk of failure)
Press: ? - help, Shift-Dir - straight line, f/p - wyvern
Aim: a wyvern (moderately wounded, 64% to hit)
The sting hits the wyvern.
The wyvern is poisoned.
The wyvern is moderately wounded.
You block the wyvern's attack.
You hit the wyvern.
Your weapon exudes an aura of protection.
Your squeeze misses the wyvern.
The wyvern is moderately wounded.
The wyvern bites you!
You hit the wyvern but do no damage. Your squeeze misses the wyvern.
The wyvern is heavily wounded.
The wyvern bites you. The wyvern bites you!
You barely miss the wyvern.
The wyvern is heavily wounded.
The wyvern bites you but does no damage.
You hit the wyvern but do no damage. You squeeze the wyvern.
The wyvern is severely wounded.
The wyvern bites you. The wyvern bites you!
You die...

+......+ ..
###......##
...####.......(..
....................#
....................#
...........$........#
....................#
.....#.......k.......
............@........
$.............../....
.....................
..........#..........
.#.......<...........
#...................
+..........####.....
#........### ....
#.)..[...# ..


You could see a wyvern (poisoned).

Vanquished Creatures
  2 hounds
  A sleepcap (D:5)
  Terence (D:3)
  An iguana (D:5)
  2 orc wizards
  5 adders
  10 gnolls
  A dart slug (D:1)
  2 ribbon worms (D:2)
  7 orcs
  5 ball pythons
  4 bats
  6 endoplasms
  4 giant cockroaches
  3 goblins
  9 hobgoblins
  2 jackals (D:2)
  9 kobolds
  7 quokkas
  4 frilled lizards
  7 rats
92 creatures vanquished.

Notes
Turn   | Place    | Note
-------+----------+-------------------------------------------
     0 | D:1      | Think the Octopode Fighter began the quest for the Orb.
     0 | D:1      | Reached XP level 1. HP: 16/16 MP: 1/1
   190 | D:1      | Reached XP level 2. HP: 15/21 MP: 2/2
   530 | D:1      | Reached skill level 4 in Dodging
   693 | D:2      | Reached XP level 3. HP: 21/26 MP: 3/3
  1023 | D:2      | Reached XP level 4. HP: 31/31 MP: 4/4
  1151 | D:2      | Reached skill level 5 in Dodging
  1786 | D:3      | Noticed Terence
  1797 | D:3      | Killed Terence
  1798 | D:3      | Reached XP level 5. HP: 32/36 MP: 5/5
  2038 | D:3      | Learned a level 1 spell: Sting
  2548 | D:3      | Found an iron altar of Okawaru.
  2802 | D:4      | Reached skill level 1 in Conjurations
  3023 | D:4      | Reached skill level 6 in Dodging
  3121 | D:4      | Reached XP level 6. HP: 42/42 MP: 6/6
  3271 | D:4      | Found a stormy altar of Qazlal.
  3433 | D:5      | Entered Level 5 of the Dungeon
  3433 | D:5      | Noticed a two-headed ogre
  3598 | D:5      | HP: 2/42 [iguana (9)]
  3868 | D:4      | Gained mutation: You expend magic power (3 MP) to
                  | strengthen your wands. [potion of mutation]
  3868 | D:4      | Gained mutation: You are somewhat resistant to further
                  | mutation. [potion of mutation]
  3868 | D:4      | Gained mutation: Your mind is acute. (Int +4, Str/Dex -1)
                  | [potion of mutation]
  4301 | D:5      | Noticed Ijyb
  4302 | D:5      | Noticed Robin
  4309 | D:5      | Lost mutation: You are somewhat resistant to further
                  | mutation. [potion of mutation]
  4309 | D:5      | Lost mutation: You expend magic power (3 MP) to strengthen
                  | your wands. [potion of mutation]
  4309 | D:5      | Lost mutation: Your mind is acute. (Int +4, Str/Dex -1)
                  | [potion of mutation]
  4309 | D:5      | Gained mutation: You are vulnerable to cold. (rC-) [potion
                  | of mutation]
  4309 | D:5      | Gained mutation: Your muscles are strong. (Str +4, Int/Dex
                  | -1) [potion of mutation]
  4318 | D:5      | Reached skill level 7 in Dodging
  4392 | D:6      | Noticed a wyvern
  4402 | D:6      | Slain by a wyvern

Illustrated notes

Levels and vault maps discovered:
D:1:      giann_wishing_wells, layout_loops_cross, serial_bayou_lake_a
D:2:      layout_loops_ring
D:3:      layout_loops_corners, mainiacjoe_overflow_surrounded_room,
          uniq_terence
D:4:      layout_cave_pools, general_overflow_altar
D:5:      layout_cave_pools, kennysheep_doodads, nicolae_goblin_pals
D:6:      cheibrodos_fertilizer, layout_basic, mainiacjoe_overflow_alcove_1

Skill      XL: |  1  2  3  4  5  6 |
---------------+-------------------+-----
Dodging        | 4 5 6 7 |  7.2
Conjurations   | 2 |  2.0
Fighting       | |  3.0
Long Blades    | |  2.0
Shields        | |  3.0

Action                     |  1- 3 |  4- 6 || total
---------------------------+-------+-------++-------
  Melee: Long sword        |    54 |    42 ||    96
         Constrict         |    14 |    38 ||    52
         Tentacles         |    12 |    34 ||    46
         Punch             |     1 |     3 ||     4
         Dagger            |       |    92 ||    92
         Unarmed           |       |     2 ||     2
  Throw: Javelin           |       |     9 ||     9
         Throwing net      |       |     2 ||     2
   Cast: Sting             |       |    10 ||    10
    Use: Scroll            |       |    12 ||    12
         Potion            |       |    11 ||    11
   Stab: Sleeping          |     7 |     6 ||    13
 Armour: Skin              |    13 |    55 ||    68
  Dodge: Dodged            |    27 |    92 ||   119
  Block: Buckler           |    18 |    79 ||    97
         Reflection        |     1 |     1 ||     2
         Other             |       |     3 ||     3
